 Dungeon Crawl Stone Soup version 0.27.1-3-gb3d3a73c9e (webtiles) character file.

Game seed: 4291755248624299820

1034 Araneus the Spear-Bearer (level 8, -3/87 HPs)
             Began as a Demonspawn Fighter on Oct 8, 2021.
             Slain by Eustachio (6 damage)
             ... on level 6 of the Dungeon.
             The game lasted 00:12:36 (6190 turns).

Araneus the Spear-Bearer (Demonspawn Fighter)       Turns: 6190, Time: 00:12:36

Health: -3/87      AC: 24    Str: 18    XL:     8   Next: 3%
Magic:  8/8        EV:  2    Int: 11    God:
Gold:   289        SH:  9    Dex: 12    Spells: 7/7 levels left

rFire    + . .     SeeInvis .   a - +0 trident
rCold    + . .     Faith    .   c - +0 kite shield
rNeg     + + +     Spirit   .   (armour currently unavailable)
rPois    +         Reflect  .   (helmet currently unavailable)
rElec    +         Harm     .   (cloak currently unavailable)
rCorr    +         Rampage  .   (gloves currently unavailable)
Will     .....     NoTele   +   (boots currently unavailable)
Stlth    +.........             (no amulet)
HPRegen  0.24/turn              (no ring)
MPRegen  0.11/turn              (no ring)

@: brilliant, lethally poisoned (-3 -> -13), tree-form, resistant, hasted, very
quick
A: stationary, stasis, torment immunity, boosted hp, (horns 1), (thin metallic
scales 1), demonic guardian 1, foul stench 2
a: no special abilities


You were on level 6 of the Dungeon.
You were a tree.
You visited 1 branch of the dungeon, and saw 6 of its levels.

You collected 289 gold pieces.

Inventory:

Hand Weapons
 a - a +0 trident (weapon)
Armour
 b - a +0 scale mail (melded)
 c - a +0 kite shield (worn)
 j - a +0 cloak (melded)
Wands
 d - a wand of flame (26)
 k - a wand of paralysis (7)
Scrolls
 m - 2 scrolls of teleportation {unknown}
Potions
 f - a potion of brilliance


   Skills:
 + Level 3.4 Fighting
 + Level 8.5 Polearms
 - Level 2.6 Armour
 + Level 3.0 Shields


You had 7 spell levels left.
You didn't know any spells.
Your spell library contained the following spells:

 Spells                   Type           Power      Damage    Failure   Level
 Beastly Appendage        Tmut           0%         N/A       86%         1
 Ensorcelled Hibernation  Hex/Ice        0%         N/A       94%         2
 Wereblood                Tmut           0%         N/A       94%         2
 Spider Form              Tmut/Pois      0%         N/A       99%         3
 Shadow Creatures         Summ           N/A        N/A       100%        6


Dungeon Overview and Level Annotations

Branches:
Dungeon (6/15)
 Temple: D:4-7

Altars:
Trog

Shops:
D:5 (

Annotations:
D:6 Eustachio


Innate Abilities, Weirdness & Mutations

You are a tree.
Your roots penetrate the ground, keeping you stationary.
You cannot be teleported.
You are immune to unholy pain and torment.
Your maximum health is greatly increased.
Your equipment is partially melded.
((You have a pair of small horns on your head.))
((You are partially covered in thin metallic scales. (AC +2)))
A weak demonic guardian rushes to your aid.
You sometimes emit foul miasma when damaged in melee.


Message History

You attack the stone wall.
Eustachio hits you with a +8 rapier of venom!
* * * LOW HITPOINT WARNING * * *
You are lethally poisoned!
The iron imp hits you but does no damage.
The river rat bites you.
* * * LOW HITPOINT WARNING * * *
The crimson imp hits you but does no damage.
Your quasit bites the crimson imp but does no damage.
Your quasit claws the crimson imp but does no damage.
Your quasit misses the crimson imp.
You feel clever all of a sudden.
* * * LOW HITPOINT WARNING * * *
You feel very sick.
The quokka barely misses your quasit. x2; Eustachio completely misses you.
The iron imp hits you but does no damage.
You are too confused!
You are too confused!
You cannot move. (Use ctrl+direction or * direction to attack without moving.)
You closely miss the river rat.
The river rat is almost dead.
You feel less invigorated.
You feel less confused.
* * * LOW HITPOINT WARNING * * *
You feel sick.
The iron imp disappears in a puff of smoke!
Your quasit bites the crimson imp but does no damage.
Your quasit barely misses the crimson imp.
Your quasit claws the crimson imp.
You block the river rat's attack.
The crimson imp summons a swarm of flies.
The crimson imp blinks!
The quokka bites your quasit.
You hit the river rat.
You kill the river rat!
The river rat's corpse disappears in a puff of smoke!
* * * LOW HITPOINT WARNING * * *
You feel very sick.
Your quasit barely misses the quokka.
Your quasit claws the quokka.
Your quasit barely misses the quokka.
Eustachio hits you with a +8 rapier of venom.
You die...

........#.# ..........# #...
...#.#.#..# #... .......#.##
#..# .......#..# #..#
...###.#.## #.. ..........#
#.##########
...###..###.######....#.....##
..## #.## #....r♣r5r.........##
..## #.# #...#.§@............#
#....#.## ## ##...............#
####....## ##............<...#
......#..## #.................#
>.....##..# #.................#
......###.##..5.......[......##
......................#.....##
#.#.................#########


You could see Eustachio, a crimson imp (summoned), a river rat (summoned), 2
quokkas and a friendly quasit (summoned).

Vanquished Creatures
  A water moccasin (D:6)
  A sky beast (D:5)
  2 ogres
  An ice beast (D:6)
  2 phantoms
  A bullfrog (D:6)
  2 hounds
  2 jellies
  2 iguanas
  A hound zombie (D:5)
  A hound skeleton (D:5)
  4 gnolls
  An adder (D:2)
  A worm (D:2)
  3 dart slugs
  8 orcs (D:4)
  7 ball pythons
  4 bats
  2 endoplasms
  5 goblins
  8 hobgoblins
  5 jackals (D:2)
  4 kobolds
  A quokka (D:3)
  5 frilled lizards
  4 rats
78 creatures vanquished.

Vanquished Creatures (collateral kills)
  An ogre (D:6)
  A dart slug (D:5)
2 creatures vanquished.

Vanquished Creatures (others)
  A plant (D:5)
1 creature vanquished.

Grand Total: 81 creatures vanquished

Notes
Turn   | Place    | Note
-------+----------+-------------------------------------------
     0 | D:1      | Araneus the Demonspawn Fighter began the quest for the Orb.
     0 | D:1      | Reached XP level 1. HP: 18/18 MP: 1/1
   103 | D:1      | Reached skill level 2 in Polearms
   519 | D:1      | Gained mutation: A weak demonic guardian rushes to your
                  | aid. [demonic ancestry]
   519 | D:1      | Reached XP level 2. HP: 24/24 MP: 2/2
  1140 | D:2      | Reached skill level 3 in Polearms
  1372 | D:2      | Gained mutation: You are partially covered in thin metallic
                  | scales. (AC +2) [demonic ancestry]
  1372 | D:2      | Reached XP level 3. HP: 22/29 MP: 3/3
  1963 | D:2      | Reached skill level 4 in Polearms
  1963 | D:2      | Reached XP level 4. HP: 35/35 MP: 4/4
  2296 | D:3      | Found a faded altar of an unknown god.
  2352 | D:3      | Noticed an ogre
  2356 | D:3      | Killed an ogre
  2357 | D:3      | Reached skill level 5 in Polearms
  2357 | D:3      | Gained mutation: You have a pair of small horns on your
                  | head. [demonic ancestry]
  2357 | D:3      | Reached XP level 5. HP: 27/41 MP: 5/5
  3419 | D:4      | Noticed a phantom
  3445 | D:4      | Killed a phantom
  3446 | D:4      | Gained mutation: You may rarely emit foul miasma when
                  | damaged in melee. [demonic ancestry]
  3446 | D:4      | Reached XP level 6. HP: 37/47 MP: 6/6
  3933 | D:5      | Entered Level 5 of the Dungeon
  3977 | D:5      | Found Odghe Suubb's Hydra Hut.
  3983 | D:5      | Noticed a four-headed hydra
  4044 | D:5      | Reached skill level 6 in Polearms
  4269 | D:5      | Noticed a sky beast
  4284 | D:5      | Killed a sky beast
  4551 | D:5      | Found a bloodstained altar of Trog.
  4863 | D:5      | Reached skill level 7 in Polearms
  4863 | D:5      | Reached XP level 7. HP: 43/52 MP: 7/7
  5784 | D:6      | Reached skill level 8 in Polearms
  6013 | D:6      | Gained mutation: You sometimes emit foul miasma when
                  | damaged in melee. [demonic ancestry]
  6013 | D:6      | Reached XP level 8. HP: 43/58 MP: 8/8
  6164 | D:6      | Noticed Eustachio
  6190 | D:6      | HP: 3/87 [poisoned by Eustachio]
  6190 | D:6      | Slain by Eustachio

Illustrated notes

Levels and vault maps discovered:
D:1:      wander_arrival_chamber, layout_loops_ring, minivault_4,
          minmay_quantized
D:2:      layout_basic
D:3:      layout_loops_ring, chequers_ecumenical_altar_simple_redux
D:4:      layout_cave_pods, minmay_misc_feat_rugged, kennysheep_generic_room_8
D:5:      layout_gridville, old_standard_altar, minmay_misc_feat_encased,
          doesnt_shop_hydraphobe
D:6:      layout_rooms, nicolae_tso_besieged_by_evil, patterned_corridor,
          uniq_pikel, uniq_eustachio

Skill      XL: |  1  2  3  4  5  6  7 |
---------------+----------------------+-----
Polearms       | 2 3 4 5 7 8 |  8.5
Shields        | 3 |  3.0
Fighting       | |  3.4
Armour         | |  2.6

Action                   |  1- 3 |  4- 6 |  7- 9 || total
-------------------------+-------+-------+-------++-------
Melee: Trident           |   106 |   142 |    70 ||   318
       Headbutt          |       |    20 |    14 ||    34
Evoke: Wand              |       |       |     1 ||     1
  Use: Potion            |     1 |     1 |     7 ||     9
       Scroll            |     4 |     5 |       ||     9
 Stab: Paralysed         |       |       |     1 ||     1
Armor: Scale mail        |    43 |    43 |    23 ||   109
       Skin              |       |       |    25 ||    25
Dodge: Dodged            |    33 |    31 |    16 ||    80
Block: Kite shield       |    40 |    44 |    29 ||   113
